 Dungeon Crawl Stone Soup version 0.28-a0-519-gbfeecf2fc5 (webtiles) character file.

Game seed: 13617991681581386851

33 peenler the Skirmisher (level 3, -1/33 HPs)
             Began as a Draconian Chaos Knight on Sept 23, 2021.
             Was a Plaything of Xom.
             Succumbed to their own dark miasma
             ... on level 1 of the Dungeon.
             The game lasted 00:04:17 (1592 turns).

peenler the Skirmisher (Draconian Chaos Knight)     Turns: 1592, Time: 00:04:17

Health: -1/33      AC:  5    Str: 15    XL:     3   Next: 12%
Magic:  3/3        EV: 12    Int: 12    God:    Xom [....*.]
Gold:   13         SH:  0    Dex: 10    Spells: 2/2 levels left

rFire   + . .      SeeInvis .   a - +0 mace (chaos)
rCold   . . .      Faith    .   (no shield)
rNeg    . . .      Spirit   .   (armour unavailable)
rPois   .          Reflect  .   (helmet restricted)
rElec   .          Harm     .   (no cloak)
rCorr   .          Rampage  .   (no gloves)
Will    .....                   (no boots)
Stlth   +.........              (no amulet)
HPRegen 0.11/turn               c - ring of protection from fire
MPRegen 0.08/turn               h - ring of flight

@: lethally poisoned (-1 -> -27), flying
A: AC +5, unfitting armour, cold-blooded
a: Renounce Religion


You were on level 1 of the Dungeon.
You worshipped Xom.
You were a beloved toy of Xom.
You visited 1 branch of the dungeon, and saw 1 of its levels.

You collected 13 gold pieces.

Inventory:

Hand Weapons
 a - a +0 mace of chaos (weapon)
 i - a +0 short sword
Armour
 b - a +0 robe
 d - a +0 leather armour
 g - a +0 ring mail
Jewellery
 c - a ring of protection from fire (left hand)
 h - a ring of flight (right hand)
Scrolls
 f - a scroll of immolation {unknown}
 j - a scroll of identify {unknown}
Potions
 e - 2 potions of curing {unknown}


   Skills:
 + Level 3.7 Fighting
 + Level 3.5 Maces & Flails
 + Level 2.4 Dodging
 + Level 0.6 Stealth


You had 2 spell levels left.
You didn't know any spells.
Your spell library was empty.

Dungeon Overview and Level Annotations

Branches:
Dungeon (1/15)

Altars:

Shops:
D:1 *


Innate Abilities, Weirdness & Mutations

Your plain brown scales are hard. (AC +5)
You cannot fit into any form of body armour.
You are cold-blooded and may be slowed by cold attacks.


Message History

a +0 short sword; a kobold corpse
i - a +0 short sword You see here 21 stones.
You reach down and open the door.
There is an open door here.
There is an open door here.
A kobold comes into view. It is wielding a +0 short sword.
The kobold shouts!
You sock the kobold!
You kill the kobold!
You see here a +0 short sword.
You see here a +0 short sword.
j - a scroll labelled TOOXEOVIDU "Go forth and redecorate, my child!"
You reach down and open the door.
You reach down and open the door.
You reach down and open the door.
You reach down and open the door.
You reach down and open the door.
You reach down and open the door.
Partly explored, can't reach some places.
Partly explored, can't reach some places.
Sorry, I don't know how to get there.
Sorry, I don't know how to get there.
Really fly into that cloud of foul pestilence? [Y]es or [N]o only, please.
Really fly into that cloud of foul pestilence?
Okay, then.
There is an open door here.
There is a fountain of clear blue water here.
Really fly into that cloud of foul pestilence?
You are engulfed in dark miasma.
You are poisoned.
You feel very sick.
There is an open door here.
You are engulfed in dark miasma.
You are lethally poisoned!
You feel extremely sick.
* * * LOW HITPOINT WARNING * * *
You feel extremely sick.
You die...
Xom titters!

###########.##
#.................
............#
##################
###...#######
#...## ### #....#
### #⌠# #....# ###
#⌠# #'# #....# #⌠#
#'# ##.## #....#
#'# ##.## ##.#.##
#....# ##.###@#.##
##.###.## #....#
#<#.#§###.###.##
##.## #....#
####.## ##.#.##
##.## #....# #○#
##.## ##.# ######
#§# #'# ##. ###
#⌠# #' ### #⌠ ##


There were no monsters in sight!

Vanquished Creatures
  3 bats (D:1)
  An endoplasm (D:1)
  2 giant cockroaches (D:1)
  5 goblins (D:1)
  5 hobgoblins (D:1)
  5 ball pythons (D:1)
  A frilled lizard (D:1)
  6 kobolds (D:1)
  2 rats (D:1)
30 creatures vanquished.

Notes
Turn   | Place    | Note
-------+----------+-------------------------------------------
     0 | D:1      | peenler the Draconian Chaos Knight began the quest for the
                  | Orb.
     0 | D:1      | Reached XP level 1. HP: 19/19 MP: 1/1
   229 | D:1      | Reached XP level 2. HP: 26/26 MP: 2/2
   271 | D:1      | XOM: silly message
   611 | D:1      | XOM: noise
   648 | D:1      | XOM: noise
  1074 | D:1      | XOM: cloud trail
  1187 | D:1      | XOM: divination: magic mapping
  1223 | D:1      | Found Cuyhuske's General Store.
  1249 | D:1      | Reached XP level 3. HP: 31/33 MP: 3/3
  1527 | D:1      | XOM: cloud trail
  1592 | D:1      | Succumbed to their own dark miasma

Illustrated notes

Levels and vault maps discovered:
D:1:      nagdon_arrival_zigzag_paths, layout_basic, serial_shops, shop_statue,
          serial_glass, glass_columns_c, glass_columns_c

Action                   || total
-------------------------++-------
Melee: Mace              ||    70
       Tailslap          ||     5
 Stab: Paralysed         ||     4
       Sleeping          ||     1
Armor: Skin              ||    36
Dodge: Dodged            ||    59

Table legend: (Time is in decaauts)
 A = Elapsed time spent in this place.
 B = Non-inter-level travel time spent in this place.
 C = Inter-level travel time spent in this place.
 D = Time resting spent in this place.
 E = Time spent auto-exploring this place.
 F = Levels seen in this place.
 G = Mean time per level.
                   A        B        C        D        E       F      G
               +--------+--------+--------+--------+--------+-----+--------+
         Total |   1608 |   1608 |      0 |    514 |    529 |   1 | 1608.0 |
       Dungeon |   1608 |   1608 |      0 |    514 |    529 |   1 | 1608.0 |
               +--------+--------+--------+--------+--------+-----+--------+

Top non-repeatable levels by time:
     D:1: 1608 daAuts
